 Dungeon Crawl Stone Soup version 0.26.0-10-g1f06aea511 (webtiles) character file.

Game seed: 12519240977270168881

304 Borgoz the Slasher (level 6, -3/51 HPs)
             Began as a Ghoul Gladiator on Jan 30, 2021.
             Slain by a scorpion (6 damage)
             ... while paralysed
             ... on level 4 of the Dungeon.
             The game lasted 00:03:11 (3036 turns).

Borgoz the Slasher (Ghoul Gladiator)                Turns: 3036, Time: 00:03:12

Health: -3/51      AC:  4    Str: 14 (18) XL:     6   Next: 38%
Magic:  0/5        EV:  2    Int:  2 (3)  God:
Gold:   121        SH:  0    Dex:  0 (12) Spells: 5/5 levels left

rFire    . . .     SeeInvis .   a - +0 long sword
rCold    + . .     Faith    .   (no shield)
rNeg     + + +     Spirit   +   b - +0 leather armour
rPois    ∞         Reflect  .   c - +0 helmet
rElec    .         Harm     .   (no cloak)
rCorr    .         Rampage  .   (no gloves)
Will     .....                  (no boots)
Stlth    ..........             g - amulet of guardian spirit
HPRegen  0.00/turn              (no ring)
MPRegen  0.09/turn              (no ring)

@: paralysed, attractive, flying, slowed, lost dexterity
A: claws 1, cold resistance 1, negative energy resistance 3, inhibited
regeneration, torment resistance, unbreathing
a: no special abilities


You were on level 4 of the Dungeon.
You visited 1 branch of the dungeon, and saw 4 of its levels.

You collected 121 gold pieces.

Inventory:

Hand Weapons
 a - a +0 long sword (weapon)
Missiles
 j - a throwing net (quivered)
Armour
 b - a +0 leather armour (worn)
 c - a +0 helmet (worn)
Jewellery
 g - an amulet of guardian spirit (around neck)
Scrolls
 d - a scroll of magic mapping {unknown}
 e - 3 scrolls of identify {unknown}
 f - 2 scrolls of fog {unknown}
 h - a scroll of teleportation {unknown}
 k - 2 scrolls of enchant armour {unknown}
 l - a scroll of blinking {unknown}
Potions
 m - a potion of berserk rage


   Skills:
 + Level 3.4 Fighting
 * Level 4.3 Long Blades
 - Level 1.7 Throwing
 + Level 2.0 Armour
 * Level 4.2 Dodging


You had 5 spell levels left.
You didn't know any spells.
Your spell library was empty.

Dungeon Overview and Level Annotations

Branches:
Dungeon (4/15)
 Temple: D:4-7

Altars:
Makhleb
Zin
The Shining One

Annotations:
D:3 3 runed translucent doors, dohliylev's ghost, amateur HOAK


Innate Abilities, Weirdness & Mutations

You thrive by killing the living.
You are immune to poison.
You have sharp fingernails.
Your flesh is cold resistant. (rC+)
You are immune to negative energy. (rN+++)
You do not regenerate when monsters are visible.
You are immune to unholy pain and torment.
You can survive without breathing.


Message History

* * * LOW HITPOINT WARNING * * *
It was a potion of attraction.
You feel attractive to monsters. The scorpion barely misses you.
You riposte.
You closely miss the scorpion.
It was a potion of flight.
You feel very buoyant.
You fly up into the air.
The scorpion closely misses you.
You riposte.
You barely miss the scorpion.
It was a potion of degeneration.
There was something very wrong with that liquid.
You feel weakened.
You feel dopey.
You feel clumsy.
You have lost your dexterity.
A sky beast appears from thin air!
Reactivating autopickup.
The scorpion stings you!
* * * LOW HITPOINT WARNING * * *
The sky beast flickers out of sight!
Deactivating autopickup; reactivate with Ctrl-A.
The scorpion stings you.
You die...

#..................#
#..................#
#..................+
#......###...#######
#....<.###...##...#
#......#..........#
#......#..........#
#......#..........# .
#......#.......@..+ ...
###########+###s###.....
.......{......#
..............#
..............#
..............#
..............#
..............#
..............#


You could see a scorpion.

Vanquished Creatures
  A quasit (D:3)
  An orc priest (D:3)
  A hound (D:3)
  Terence (D:2)
  A worker ant (D:4)
  2 orc wizards (D:3)
  2 adders
  2 oozes
  A worm (D:2)
  A dart slug (D:1)
  2 leopard geckos (D:2)
  An orc (D:3)
  4 giant cockroaches
  14 goblins
  7 hobgoblins
  6 jackals (D:3)
  6 kobolds
  6 bats
  4 frilled lizards
  13 rats
76 creatures vanquished.

Notes
Turn   | Place    | Note
-------+----------+-------------------------------------------
     0 | D:1      | Borgoz the Ghoul Gladiator began the quest for the Orb.
     0 | D:1      | Reached XP level 1. HP: 17/17 MP: 0/0
    49 | D:1      | Reached XP level 2. HP: 15/24 MP: 1/1
   372 | D:1      | Reached XP level 3. HP: 29/30 MP: 2/2
   738 | D:2      | Reached skill level 1 in Armour
   905 | D:2      | Reached XP level 4. HP: 28/37 MP: 3/3
  1014 | D:2      | Noticed Terence
  1038 | D:2      | Killed Terence
  1847 | D:3      | Reached XP level 5. HP: 30/44 MP: 2/4
  2104 | D:3      | Found a runed translucent gate.
  2104 | D:3      | Noticed dohliylev's ghost (amateur HOAK)
  2105 | D:3      | Found a runed translucent gate.
  2105 | D:3      | Found a runed translucent gate.
  2448 | D:3      | Reached XP level 6. HP: 27/51 MP: 3/5
  2698 | D:3      | Found a glowing golden altar of the Shining One.
  2712 | D:3      | Found a burning altar of Makhleb.
  2829 | D:3      | Found a glowing silver altar of Zin.
  3001 | D:4      | Noticed a sky beast
  3035 | D:4      | Lost dexterity.
  3036 | D:4      | Slain by a scorpion

Illustrated notes

Levels and vault maps discovered:
D:1:      co_arrival_hall_of_pillars, layout_rooms, kennysheep_decorative_pillar
D:2:      layout_loops_cross, dk_vineyard_1, uniq_terence
D:3:      layout_loops_cross, overflow_temple_1_default,
          makhleb_heckhound_becter, old_standard_altar, serial_glass,
          glass_columns_b, glass_columns_a, gammafunk_ghost_split
D:4:      layout_gridville

Skill      XL: |  1  2  3  4  5  6 |
---------------+-------------------+-----
Long Blades    | 3 4 |  4.3
Dodging        | 3 4 |  4.2
Armour         | 1 2 |  2.0
Fighting       | 3 |  3.4
Throwing       | |  1.7

Action                   |  1- 3 |  4- 6 || total
-------------------------+-------+-------++-------
Melee: Long sword        |    86 |   170 ||   256
Throw: Throwing net      |       |     4 ||     4
  Use: Potion            |       |     9 ||     9
 Stab: Held in net/web   |       |     1 ||     1
Armor: Leather armour    |    38 |    73 ||   111
Dodge: Dodged            |    81 |   155 ||   236
       Rpst.: Long sword |    26 |    40 ||    66
